 Seeded DCSS version 0.28-a0-991-g956f0ee3d5 (webtiles) character file.

Game seed: 20211204 (custom seed)

1151 a11behringer the Cudgeller (level 8, -4/82 HPs)
             Began as a Troll Berserker on Dec 4, 2021.
             Was a Priest of Trog.
             Slain by a gnoll (8 damage)
             ... on level 5 of the Dungeon on Dec 5, 2021.
             The game lasted 00:17:24 (4768 turns).

a11behringer the Cudgeller (Troll Berserker)        Turns: 4768, Time: 00:17:24

Health: -4/82      AC: 13    Str: 28    XL:     8   Next: 15%
Magic:  0/7        EV:  8    Int:  3    God:    Trog [***...]
Gold:   192        SH:  0    Dex:  9    Spells: 7/7 levels left

rFire   . . .      SeeInvis .   a - +0 mace
rCold   . . .      Faith    .   (no shield)
rNeg    + + .      Spirit   +   g - +0 pearl dragon scales
rPois   .          Reflect  .   (helmet restricted)
rElec   .          Harm     .   (no cloak)
rCorr   .          Rampage  .   (gloves unavailable)
Will    ++...                   (boots unavailable)
Stlth   ..........              x - amulet of guardian spirit
HPRegen 2.03/turn               B - ring of positive energy
MPRegen 0.10/turn               (no ring)

@: strong-willed, on berserk cooldown, attractive, regenerating, slowed, very
slow
A: large, unfitting armour, claws 3, regeneration 1, shaggy fur 1, tough skin 1,
horns 1, robust 1
a: Renounce Religion, Berserk, Trog's Hand


You were on level 5 of the Dungeon.
You worshipped Trog.
Trog was most pleased with you.
You visited 1 branch of the dungeon, and saw 5 of its levels.
You also visited: Sewer.

You collected 192 gold pieces.

Inventory:

Hand Weapons
 a - a +0 mace (weapon)
 y - a +0 flail
Missiles
 r - 6 javelins (quivered)
 s - 4 atropa-tipped darts
Armour
 b - a +0 animal skin
 g - +0 pearl dragon scales (worn)
Jewellery
 j - an amulet of magic regeneration
 x - an amulet of guardian spirit (around neck)
 B - a ring of positive energy (left claw)
Wands
 v - a wand of flame (6)
Scrolls
 e - 2 scrolls of silence {unknown}
 f - 2 scrolls of fog {unknown}
 h - 7 scrolls of identify {unknown}
 i - a scroll of fear {unknown}
 l - 3 scrolls of blinking {unknown}
 m - a scroll of amnesia {unknown}
 o - a scroll of brand weapon {unknown}
 p - 2 scrolls of teleportation {unknown}
 t - a scroll of magic mapping {unknown}
 w - a scroll of enchant weapon {unknown}
 C - a scroll of holy word {unknown}
Potions
 c - 2 potions of mutation
 d - a potion of attraction
 k - 2 potions of lignification {unknown}
 n - 4 potions of flight
 q - 2 potions of curing {unknown}
 u - a potion of magic {unknown}
 z - 2 potions of brilliance {unknown}
 A - a potion of heal wounds {unknown}


   Skills:
 + Level 3.5 Fighting
 * Level 7.4 Maces & Flails
 * Level 3.9 Armour
 - Level 2.7 Dodging


You had 7 spell levels left.
You didn't know any spells.
Your spell library was empty.

Dungeon Overview and Level Annotations

Branches:
Dungeon (5/15)             Temple (0/1) D:4           Sewer (visited)

Altars:
Zin

Shops:
D:1 !   D:2 =   D:3 *


Innate Abilities, Weirdness & Mutations

You are too large for most types of armour.
You have claws for hands.
Your natural rate of healing is unusually fast.
You are covered in fur. (AC +1)
You have tough skin. (AC +1)
You have a pair of small horns on your head.
You are robust. (+10% HP)


Message History

Trog accepts your kill. The gnoll completely misses you.
The gnoll closely misses you.
The gnoll shaman hits you but does no damage.
The gnoll barely misses you. The gnoll hits you but does no damage.
The gnoll shaman hits you but does no damage.
The gnoll hits you from afar with a +0 halberd.
The gnoll closely misses you.
The gnoll hits you from afar with a +0 halberd!
Things that are here:
a +0 club; a gnoll corpse
Found a stone staircase leading down.
The gnoll hits you from afar with a +0 halberd.
The gnoll shaman barely misses you.
There is an escape hatch in the floor here.
The gnoll closely misses you.
The gnoll hits you from afar with a +0 halberd!
* * * LOW HITPOINT WARNING * * *
The gnoll shaman closely misses you. The gnoll hits you but does no damage.
The gnoll completely misses you.
Your skin crawls.
You feel strong-willed.
The gnoll hits you from afar with a +0 halberd!
* * * LOW HITPOINT WARNING * * *
The gnoll shaman hits you with a +0 whip.
* * * LOW HITPOINT WARNING * * *
The gnoll hits you from afar with a +0 halberd.
* * * LOW HITPOINT WARNING * * *
The gnoll shaman hits you with a +0 whip.
* * * LOW HITPOINT WARNING * * *
The gnoll shaman hits you with a +0 whip!
* * * LOW HITPOINT WARNING * * *
It was a potion of mutation.
You feel extremely strange.
You feel robust. A pair of horns grows on your head!
The gnoll closely misses you. x2
The gnoll shaman hits you with a +0 whip!
* * * LOW HITPOINT WARNING * * *
It was a potion of attraction.
You feel attractive to monsters.
The gnoll hits you from afar with a +0 halberd!
You die...

#..# .#
#))#####>#
#.)#.....#
#.>.......
##.#.#####
#g#...
#####g#####
#....g..#
##.##@#.# #
#.#... #.#
### #.# #.#
..# ###


You could see a gnoll shaman and 2 gnolls.

Vanquished Creatures
  Prince Ribbit (D:5)
  Grinder (D:4)
  Sigmund (D:5)
  A phantom (D:2)
  A hound (D:5)
  2 bullfrog skeletons
  2 orc wizards (D:3)
  An iguana (D:5)
  A killer bee zombie (D:5)
  3 hound skeletons (D:4)
  6 gnolls
  8 adders
  A river rat (D:4)
  A white imp (D:5)
  An ufetubus (D:4)
  5 worms
  4 dart slugs
  4 orcs
  15 endoplasms
  6 giant cockroaches
  7 goblins
  7 hobgoblins
  18 jackals
  7 quokkas
  4 ball pythons
  10 bats
  5 frilled lizards
  7 kobolds
  2 rats (D:1)
132 creatures vanquished.

Notes
Turn   | Place    | Note
-------+----------+-------------------------------------------
     0 | D:1      | a11behringer the Troll Berserker began the quest for the
                  | Orb.
     0 | D:1      | Reached XP level 1. HP: 22/22 MP: 0/0
   126 | D:1      | Found Waups's Distillery.
   147 | D:1      | Reached skill level 3 in Maces & Flails
   148 | D:1      | Reached XP level 2. HP: 17/29 MP: 1/1
   373 | D:1      | Found a faded altar of an unknown god.
   522 | D:1      | Reached XP level 3. HP: 23/36 MP: 2/2
   532 | D:1      | Reached ** piety under Trog
  1043 | D:2      | Found Joavi's Jewellery Emporium.
  1043 | D:2      | Noticed a phantom
  1056 | D:2      | Killed a phantom
  1057 | D:2      | Reached skill level 4 in Maces & Flails
  1057 | D:2      | Reached XP level 4. HP: 44/44 MP: 3/3
  1201 | D:2      | Reached XP level 5. HP: 52/52 MP: 4/4
  1555 | D:2      | You fall into a shaft and drop 2 floors!
  1581 | D:4      | Reached skill level 1 in Armour
  1662 | D:4      | Found a glowing drain.
  1666 | Sewer    | Entered a sewer
  1672 | Sewer    | Reached skill level 5 in Maces & Flails
  1798 | Sewer    | Reached *** piety under Trog
  2579 | D:3      | Reached XP level 6. HP: 61/61 MP: 5/5
  2844 | D:3      | Found Zin's Purification Station.
  2844 | D:3      | Found a glowing silver altar of Zin.
  3706 | D:4      | Reached **** piety under Trog
  3777 | D:4      | Noticed Grinder
  3809 | D:4      | Paralysed by Grinder for 2 turns
  3824 | D:4      | Paralysed by Grinder for 6 turns
  3835 | D:4      | Killed Grinder
  3836 | D:4      | Reached skill level 6 in Maces & Flails
  3836 | D:4      | Reached XP level 7. HP: 32/67 MP: 6/6
  3946 | D:4      | Found a staircase to the Ecumenical Temple.
  4183 | D:5      | Entered Level 5 of the Dungeon
  4628 | D:5      | Noticed Sigmund
  4628 | D:5      | Noticed Prince Ribbit
  4648 | D:5      | Killed Sigmund
  4649 | D:5      | Reached skill level 7 in Maces & Flails
  4692 | D:5      | Killed Prince Ribbit
  4693 | D:5      | Reached XP level 8. HP: 35/75 MP: 3/7
  4767 | D:5      | Gained mutation: You are robust. (+10% HP) [potion of
                  | mutation]
  4767 | D:5      | Gained mutation: You have a pair of small horns on your
                  | head. [potion of mutation]
  4767 | D:5      | HP: 1/82 [gnoll shaman (8)]
  4768 | D:5      | Slain by a gnoll

Illustrated notes

Levels and vault maps discovered:
D:1:      dpeg_arrival_prison, layout_basic,
          hellmonk_ecumenical_altar_heavens_door, serial_shops, shop,
          minmay_split_cup_large
D:2:      layout_basic, serial_shops, nicolae_shop_advertising_works
          [nicolae_subvault_shop_adworks]
D:3:      layout_basic, zin_purify
D:4:      layout_basic, minmay_temple_entry_stoned_glass, gup_sewer_entry_bowl,
          uniq_grinder
D:5:      layout_basic, makhleb_grotto_becter, uniq_sigmund, uniq_prince_ribbit1

Skill      XL: |  1  2  3  4  5  6  7 |
---------------+----------------------+-----
Maces & Flails | 3 4 5 6 7 |  7.4
Armour         | 1 2 3 |  3.9
Fighting       | 3 |  3.5
Dodging        | |  2.7

Action                   |  1- 3 |  4- 6 |  7- 9 || total
-------------------------+-------+-------+-------++-------
Melee: Mace              |   137 |   305 |    91 ||   533
Invok: Berserk           |     2 |     3 |     2 ||     7
       Trog's Hand       |     1 |     3 |     3 ||     7
  Use: Potion            |       |     1 |     2 ||     3
Armor: Animal skin       |    65 |       |       ||    65
       Pearl dragon scal |    26 |   258 |    89 ||   373
Dodge: Dodged            |   103 |   211 |    62 ||   376

Table legend: (Time is in decaauts)
 A = Elapsed time spent in this place.
 B = Non-inter-level travel time spent in this place.
 C = Inter-level travel time spent in this place.
 D = Time resting spent in this place.
 E = Time spent auto-exploring this place.
 F = Levels seen in this place.
 G = Mean time per level.
                   A        B        C        D        E       F      G
               +--------+--------+--------+--------+--------+-----+--------+
         Total |   5023 |   4388 |    635 |      0 |   3152 |   6 |  837.2 |
       Dungeon |   4379 |   3744 |    635 |      0 |   2775 |   5 |  875.8 |
         Sewer |    644 |    644 |      0 |      0 |    376 |   1 |  644.0 |
               +--------+--------+--------+--------+--------+-----+--------+

Top non-repeatable levels by time:
     D:3: 1034 daAuts
     D:4: 999 daAuts
     D:1: 982 daAuts
     D:2: 765 daAuts
   Sewer: 644 daAuts
     D:5: 597 daAuts
